[Event "*** SCC Grand Prix: Titled Tuesday Blitz"]
[Site "Chess.com"]
[Date "2020.10.06"]
[Round "4"]
[White "kreonx"]
[Black "aisha_zakirova"]
[Result "1-0"]
[WhiteElo "2353"]
[BlackElo "2178"]
[TimeControl "180+1"]
[EndTime "10:38:06 PDT"]
[Termination "kreonx won by resignation"]

1. e4 c5 2. Nc3 d6 3. g3 g6 4. Bg2 Bg7 5. Nge2 Nc6 6. O-O Nf6 7. d3 O-O 8. f4 Rb8 9. h3 Bd7 10. g4 Ne8 11. Be3 b5 12. Qd2 b4 13. Nd1 a5 14.
Ng3 a4 15. Rb1 e6 16. g5 Nd4 17. Kh2 f5 18. Bxd4 cxd4 19. exf5 exf5 20. Nf2 Nc7 21. Rfe1 Re8 22. Rxe8+ Qxe8 23. Re1 Qf7 24. b3 axb3 25. axb3 Nd5 26. Nd1 Nc3 27. Nxc3 dxc3 28. Qf2 Kh8 29. Nf1 Re8 30. Rxe8+ Qxe8 31. Qe3 Qc8 32. Qe7 Qc7 33. Ne3 d5 34. Nxd5 Qc8 35. Kg3 Bc6 36. Nb6 Qb8 37.
Bxc6 Qxb6 38. Qe8+ 1-0

[Event "*** SCC Grand Prix: Titled Tuesday Blitz"]
[Site "Chess.com"]
[Date "2020.10.06"]
[Round "4"]
[White "djano"]
[Black "PauloCesarCosta_sad"]
[Result "1/2-1/2"]
[WhiteElo "2458"]
[BlackElo "2288"]
[TimeControl "180+1"]
[EndTime "10:38:07 PDT"]
[Termination "Game drawn by agreement"]

1. d4 d5 2. Nf3 c6 3. Bf4 Bf5 4. e3 Qb6 5. Nbd2 Nf6 6. Bd3 Bxd3 7. cxd3 Nbd7 8. O-O Nh5 9. Be5 f6 10. Ne1 fxe5 11. Qxh5+ g6 12. Qg4 exd4 13. exd4 Nf6 14. Qe6 Qxd4 15. Nef3 Qxd3 16. Rfe1 Qf5 17. Qd6 Rd8 18.
Qc7 Qd7 19. Qa5 b6 20. Qa3 Bh6 21. Re2 c5 22. Rae1 Bxd2 23. Nxd2 O-O 24. Rxe7 Rfe8 25.
Rxe8+ Rxe8 26. Rxe8+ Nxe8 27. Nf3 Qf5 28. h3 a5 29. Qb3 1/2-1/2

[Event "*** SCC Grand Prix: Titled Tuesday Blitz"]
[Site "Chess.com"]
[Date "2020.10.06"]
[Round "4"]
[White "AliKa2810"]
[Black "vladislavkovalev"]
[Result "0-1"]
[WhiteElo "2565"]
[BlackElo "2864"]
[TimeControl "180+1"]
[EndTime "10:38:08 PDT"]
[Termination "vladislavkovalev won by checkmate"]

1. d4 Nf6 2. c4 g6 3. Nc3 Bg7 4. e4 d6 5. h3 O-O 6. Be3 c5 7. Nf3 cxd4 8. Nxd4 b6 9. Be2 Bb7 10. Qc2 Nbd7 11. O-O Rc8 12. Rad1 a6 13. Rfe1 e6 14. f4 b5 15. cxb5 Bxe4 16. Qd2 axb5 17. Ndxb5 d5 18. Nd6 Rxc3 19. bxc3 Qe7 20. Nxe4 Nxe4 21. Qc2 Nxc3 22. Rd3 Rc8 23. Bf3 Qb4 24. Rc1 Rc4 25. Qd2 Nc5 26. Bxc5 Qxc5+ 27. Kh1 h5 28. Qe1 Bf6 29. a4 Nxa4 30.
Rxc4 Qxc4 31. Ra3 Qxf4 32. Qd1 Nc3 33. Ra8+ Kg7 34. Qc2 Be5 35. Kg1 Qe3+ 36. Kh1 Qe1# 0-1

[Event "*** SCC Grand Prix: Titled Tuesday Blitz"]
[Site "Chess.com"]
[Date "2020.10.06"]
[Round "4"]
[White "SophieNikoladze"]
[Black "lacafi"]
[Result "1-0"]
[WhiteElo "2276"]
[BlackElo "2089"]
[TimeControl "180+1"]
[EndTime "10:38:10 PDT"]
[Termination "SophieNikoladze won on time"]

1. d4 f5 2. Nc3 Nf6 3. Bg5 g6 4. Nf3 Bg7 5. h4 d5 6. Qd2 c6 7. Ne5 Nbd7 8. Bh6 Bxh6 9. Qxh6 Nxe5 10. dxe5 Nh5 11. e3 Qc7 12. Be2 Qxe5 13. Bxh5 gxh5 14. Qxh5+ Kd8 15. O-O-O Kc7 16. g4 b5 17. Rhe1 b4 18.
Na4 Be6 19. Nc5 Raf8 20. f4 Qd6 21. Nxe6+ Qxe6 22. g5 a5 23. Qf3 a4 24. Rd4 Rb8 25.
Red1 b3 26. cxb3 axb3 27. a3 Ra8 28. Rb4 Rhb8 29. Rbd4 Qd6 30. Kd2 Rxa3 31. bxa3 Qxa3 32. Ke1 b2 33. Rb1 Rb3 34. Kf2 Rc3 35. Rd2 Rc1 36.
Rbxb2 Qa1 37. Kg3 Rg1+ 38. Rg2 Rh1 39. Ra2 Qe1+ 40. Qf2 1-0

[Event "*** SCC Grand Prix: Titled Tuesday Blitz"]
[Site "Chess.com"]
[Date "2020.10.06"]
[Round "4"]
[White "GustavoJuarezF"]
[Black "VladaSviridova"]
[Result "0-1"]
[WhiteElo "2039"]
[BlackElo "2249"]
[TimeControl "180+1"]
[EndTime "10:38:10 PDT"]
[Termination "VladaSviridova won on time"]

1. e4 e6 2. d4 d5 3. e5 c5 4.
c3 Qb6 5. Nf3 Nc6 6. dxc5 Bxc5 7.
Qc2 Bd7 8. Bd3 h6 9. O-O a5 10.
a4 Nge7 11. Na3 O-O 12. Nb5 Na7 13. Nxa7 Qxa7 14. Qe2 Nc6 15. Bc2 Qb8 16. Qd3 f5 17.
exf6 Rxf6 18. Qh7+ Kf7 19. Nh4 Ne7 20. b4 axb4 21.
cxb4 Qe5 22. Ra3 Bxf2+ 23. Kh1 Bxh4 24. Rxf6+ Bxf6 25. Re3 Qf4 26. Re1 Qc4 27. Bd3 Qc3 28.
Rf1 Rc8 29. Rxf6+ Qxf6 0-1

[Event "*** SCC Grand Prix: Titled Tuesday Blitz"]
[Site "Chess.com"]
[Date "2020.10.06"]
[Round "4"]
[White "QuintilianoR"]
[Black "kirillgenius"]
[Result "0-1"]
[WhiteElo "2578"]
[BlackElo "2345"]
[TimeControl "180+1"]
[EndTime "10:38:11 PDT"]
[Termination "kirillgenius won on time"]

1. d4 Nf6 2. c4 c5 3. d5 e5 4. Nc3 d6 5. e4 Be7 6. Nf3 O-O 7.
h3 Ne8 8. Bd3 Nd7 9. Qe2 g6 10. Bh6 Ng7 11. g4 Nf6 12. O-O-O a6 13. Rdg1 Bd7 14. Nd2 Kh8 15. h4 Ng8 16. Be3 f5 17.
gxf5 gxf5 18. Rxg7 Kxg7 19. exf5 Kh8 20. Qh5 Nf6 21.
Qf3 b5 22. Bg5 Qa5 23. Kb1 Rab8 24. Rg1 bxc4 25. Nxc4 Qxc3 26. Bh6 Rf7 27. Qg3 Rg8 28. Qxg8+ Nxg8 29. bxc3 Nxh6 0-1

[Event "*** SCC Grand Prix: Titled Tuesday Blitz"]
[Site "Chess.com"]
[Date "2020.10.06"]
[Round "4"]
[White "Roman_Ovetchkin"]
[Black "AniJak"]
[Result "0-1"]
[WhiteElo "2600"]
[BlackElo "2379"]
[TimeControl "180+1"]
[EndTime "10:38:12 PDT"]
[Termination "AniJak won by resignation"]

1. d4 d5 2. c4 c6 3. Nf3 Nf6 4. Qc2 e6 5. Nbd2 Bd6 6. g3 O-O 7. Bg2 Nbd7 8. O-O e5 9. dxe5 Nxe5 10. b3 Re8 11. Bb2 Bg4 12. Rad1 Qe7 13. Rfe1 dxc4 14.
Nxe5 cxb3 15. Qxb3 Bxe5 16. Bxe5 Qxe5 17. Qxb7 Rad8 18.
Nf3 Qb5 19. Qxa7 Rxd1 20. Rxd1 Qxe2 21. Re1 Qxe1+ 22. Nxe1 Rxe1+ 23. Bf1 Bh3 24. Qb8+ Ne8 25. Qxe8+ Rxe8 26. Bxh3 Ra8 27. Bg2 Ra6 28. Be4 Kf8 29.
h4 g6 30. Kg2 Ke7 31. g4 Kd6 32. h5 Rxa2 33. Kg3 c5 34. f4 c4 0-1

[Event "*** SCC Grand Prix: Titled Tuesday Blitz"]
[Site "Chess.com"]
[Date "2020.10.06"]
[Round "4"]
[White "KatarinaOstojic"]
[Black "manitodeplomo"]
[Result "0-1"]
[WhiteElo "2361"]
[BlackElo "2578"]
[TimeControl "180+1"]
[EndTime "10:38:12 PDT"]
[Termination "manitodeplomo won by resignation"]

1. d4 g6 2. Nf3 Bg7 3. e3 Nf6 4. Be2 O-O 5. O-O c5 6. b3 b6 7. Bb2 Bb7 8. c4 d6 9. Nc3 a6 10. Qc2 Nbd7 11. Rfd1 Qc7 12. Rac1 e6 13. e4 cxd4 14.
Nxd4 Rac8 15. Ba3 Rfe8 16. f3 Qb8 17. Ndb5 axb5 18. Nxb5 d5 19. Nd6 dxe4 20. Nxe8 Rxe8 21. Bd6 Qa8 22. fxe4 Bxe4 23. Qd2 Bxg2 24. b4 Ne4 25. Qe3 Nxd6 26. Rxd6 Ne5 27. c5 bxc5 28. bxc5 Bh1 29. Bf1 Bc6 30. a3 Nf3+ 31. Kf2 Ne5 32. Kg1 Rb8 33.
Rcd1 h5 34. Be2 Bh1 35. Qg5 Ng4 36. Rd8+ Kh7 37. Bf1 Bh6 38. Rxb8 Qxb8 39. Qh4 Bd5 40.
Be2 Be3+ 41. Kf1 Qf4+ 42. Ke1 Bf2+ 0-1

[Event "*** SCC Grand Prix: Titled Tuesday Blitz"]
[Site "Chess.com"]
[Date "2020.10.06"]
[Round "4"]
[White "besarquis"]
[Black "korkmaz16"]
[Result "0-1"]
[WhiteElo "2134"]
[BlackElo "2338"]
[TimeControl "180+1"]
[EndTime "10:38:12 PDT"]
[Termination "korkmaz16 won by resignation"]

1. e4 e6 2. d4 d5 3. Nd2 Nf6 4. e5 Nfd7 5. Bd3 c5 6. c3 Nc6 7. Ne2 Qb6 8. Nf3 cxd4 9. cxd4 f6 10. exf6 Nxf6 11. O-O Bd6 12. a3 O-O 13. b4 e5 14.
dxe5 Nxe5 15. Nfd4 Nxd3 16. Qxd3 Ng4 17. g3 Be5 18. Bb2 Qh6 19. h4 Bd7 20. Rad1 Rae8 21. Ba1 Qf6 22. f4 Bc7 23. Rf3 Bb6 24. Kg2 Qe7 25. Rc1 Bf5 26. Qb5 Be4 27. Rc3 Bxf3+ 28. Rxf3 Qe4 29. Qd3 Bxd4 30. Nxd4 Ne3+ 31. Kf2 Qxd3 0-1

[Event "*** SCC Grand Prix: Titled Tuesday Blitz"]
[Site "Chess.com"]
[Date "2020.10.06"]
[Round "4"]
[White "Grandelicious"]
[Black "zmeeed67"]
[Result "1-0"]
[WhiteElo "2785"]
[BlackElo "2376"]
[TimeControl "180+1"]
[EndTime "10:38:14 PDT"]
[Termination "Grandelicious won by resignation"]

1. Nf3 Nc6 2. g3 d6 3. d4 Nf6 4. Bg2 Bg4 5. h3 Bf5 6. O-O e5 7. dxe5 dxe5 8. Nc3 a6 9. Bg5 Qxd1 10. Rfxd1 Bxc2 11. Rd2 Bf5 12. Bxf6 gxf6 13. Nd5 O-O-O 14. Nxf6 Rxd2 15.
Nxd2 Bh6 16. e3 Nb4 17. a3 Nd3 18. b4 Rd8 19. Nde4 Bg7 20. g4 Bg6 21. h4 h6 22. h5 Bxe4 23. Nxe4 b6 24. g5 Rg8 25.
Kf1 hxg5 26. Nxg5 f6 27. Ne4 f5 28. Bh3 Rf8 29. Ng3 Nb2 30. Nxf5 Bf6 31. Ra2 Na4 32.
Rc2 Kb7 33. Bg2+ Kb8 34. Be4 Bg5 35. Rc6 Rf7 36. Rg6 Rh7 37. Rg8+ 1-0

[Event "*** SCC Grand Prix: Titled Tuesday Blitz"]
[Site "Chess.com"]
[Date "2020.10.06"]
[Round "4"]
[White "mapleaff"]
[Black "stanyga"]
[Result "0-1"]
[WhiteElo "2367"]
[BlackElo "2608"]
[TimeControl "180+1"]
[EndTime "10:38:15 PDT"]
[Termination "stanyga won on time"]

1. d4 Nf6 2. c4 e6 3. g3 d5 4. Bg2 dxc4 5. Nf3 Bb4+ 6. Nbd2 b5 7. O-O Bb7 8. a4 a6 9. Qc2 O-O 10. e4 Bxd2 11. Nxd2 Qxd4 12. axb5 axb5 13. Rxa8 Bxa8 14.
b4 Rd8 15. h3 Nc6 16. Nf3 Qxe4 17. Qb2 Nd4 18. Nh4 c3 19. Qa1 Ne2+ 20. Kh2 Qd3 21. Bxa8 Nxg3 22. Rg1 Ne2 23. Rg2 Qd6+ 24. f4 Nxf4 25.
Bxf4 Qxf4+ 26. Rg3 Nh5 0-1

[Event "*** SCC Grand Prix: Titled Tuesday Blitz"]
[Site "Chess.com"]
[Date "2020.10.06"]
[Round "4"]
[White "shnitez"]
[Black "KiranManisha"]
[Result "0-1"]
[WhiteElo "2538"]
[BlackElo "2365"]
[TimeControl "180+1"]
[EndTime "10:38:15 PDT"]
[Termination "KiranManisha won by checkmate"]

1. c4 c5 2. Nf3 Nc6 3. d4 cxd4 4. Nxd4 g6 5. e4 Bg7 6. Be3 d6 7. Nc3 Nf6 8. Be2 O-O 9. O-O Bd7 10. h3 Rc8 11.
Qc2 a6 12. Rfd1 Nxd4 13. Bxd4 Qc7 14. Bxf6 exf6 15. Nd5 Qd8 16. Qb3 Bc6 17. Rd2 Qe8 18.
Bf3 Rd8 19. Rad1 Ba4 20. Qxb7 Bxd1 21. Rxd1 Rb8 22. Qxa6 Qe5 23. b4 Ra8 24. Qc6 Rxa2 25. b5 h5 26. b6 Qb2 27. Qxd6 Qxf2+ 28. Kh1 f5 29. exf5 Rd2 30. Rxd2 Qe1+ 31. Kh2 Be5+ 32. Qxe5 Qxe5+ 33. g3 h4 34. Rg2 hxg3+ 35. Rxg3 Re8 36. fxg6 fxg6 37. h4 Kh7 38. Kh3 Qf5+ 39. Bg4 Qf1+ 40. Kh2 Re1 41. Rg2 Qxc4 42. Bf3 Qxh4# 0-1

[Event "*** SCC Grand Prix: Titled Tuesday Blitz"]
[Site "Chess.com"]
[Date "2020.10.06"]
[Round "4"]
[White "WPWPWP-2015"]
[Black "ChronicUnhappiness"]
[Result "1-0"]
[WhiteElo "2449"]
[BlackElo "2273"]
[TimeControl "180+1"]
[EndTime "10:38:16 PDT"]
[Termination "WPWPWP-2015 won on time"]

1. e4 c5 2. Nf3 Nc6 3. d4 cxd4 4. Nxd4 Nf6 5. Nc3 e5 6. Ndb5 d6 7. Bg5 a6 8. Na3 b5 9. Nd5 Be7 10. Bxf6 Bxf6 11. c4 b4 12. Nc2 O-O 13. Be2 a5 14. O-O Be6 15. Bg4 Bg5 16. b3 g6 17. g3 h5 18. Bxe6 fxe6 19. Nde3 Bxe3 20. Nxe3 Nd4 21. f4 Qb6 22. Kh1 a4 23. Ng2 axb3 24. axb3 Ra3 25.
Nh4 exf4 26. Nxg6 Rf6 27. Qxh5 Kg7 28. Nxf4 Rxa1 29. Rxa1 Rh6 30. Qg5+ Kh7 31. Qe7+ Kh8 32. Qf8+ Kh7 33. Qf7+ Kh8 34. Ra8+ 1-0

[Event "*** SCC Grand Prix: Titled Tuesday Blitz"]
[Site "Chess.com"]
[Date "2020.10.06"]
[Round "4"]
[White "Pultis"]
[Black "jefferyx"]
[Result "0-1"]
[WhiteElo "2749"]
[BlackElo "2907"]
[TimeControl "180+1"]
[EndTime "10:38:17 PDT"]
[Termination "jefferyx won by resignation"]

1. Nf3 c5 2. c4 Nc6 3. Nc3 g6 4. e3 Nf6 5. d4 cxd4 6. exd4 d5 7. cxd5 Nxd5 8. Qb3 Nxc3 9. Bc4 e6 10. bxc3 Bg7 11.
O-O O-O 12. Be2 b6 13. Bg5 Qc7 14. Rac1 Bb7 15. Rfd1 Na5 16. Qb1 Rac8 17. Bh4 Bd5 18. Ba6 Bb7 19. Be2 Nc4 20. Bg3 Qe7 21. Bh4 Qd6 22.
Bg3 Qd5 23. Ne1 Bh6 24. Bf3 Qd7 25. Bxb7 Qxb7 26. f4 Rfd8 27. Nf3 Bf8 28. Re1 Rd5 29. Rcd1 Ra5 30. Qc2 Qd5 31. Qe2 Nd6 32. Ne5 Rxa2 33. Rd2 Rxd2 34. Qxd2 Ne4 35. Qd3 Nxc3 36. Bh4 Nb5 37.
Rd1 Nxd4 38. Ng4 Qc4 39. Nf6+ Kh8 40. Qh3 Ne2+ 41. Kh1 Qd4 42. Re1 Nxf4 43. Qg4 Bg7 44. Ne4 Nd3 45. Bf2 Qxf2 46. Nxf2 Nxf2+ 0-1

[Event "*** SCC Grand Prix: Titled Tuesday Blitz"]
[Site "Chess.com"]
[Date "2020.10.06"]
[Round "4"]
[White "Supernotar"]
[Black "m_ezat"]
[Result "1-0"]
[WhiteElo "2798"]
[BlackElo "2547"]
[TimeControl "180+1"]
[EndTime "10:38:17 PDT"]
[Termination "Supernotar won by resignation"]

1. d4 Nf6 2. c4 g6 3. Nc3 Bg7 4. e4 d6 5. Be2 O-O 6. Nf3 e5 7. O-O Nc6 8. d5 Ne7 9. Ne1 Nd7 10. Be3 f5 11. f3 f4 12. Bf2 g5 13. a4 a5 14. Nd3 b6 15. b4 axb4 16. Nxb4 Nf6 17. Nc6 Nxc6 18. dxc6 h5 19. a5 bxa5 20. c5 dxc5 21.
Bxc5 Be6 22. Bxf8 Qxf8 23. Kh1 g4 24. Nd5 Bxd5 25. exd5 Qc5 26. fxg4 hxg4 27. Bxg4 Nxg4 28. Qxg4 Qxd5 29. Rad1 Qxc6 30. Rd7 Qf6 31. Rc1 Rd8 32. Rdxc7 e4 33. h3 f3 34. gxf3 exf3 35. Rg1 f2 36.
Rxg7+ Kf8 37. Rg8+ Ke7 38. Qe4+ Kf7 39. Qb7+ Ke6 40.
Qc6+ Rd6 41. Qe4+ Kd7 42. R1g7+ 1-0

[Event "*** SCC Grand Prix: Titled Tuesday Blitz"]
[Site "Chess.com"]
[Date "2020.10.06"]
[Round "4"]
[White "Forantes"]
[Black "IsaacWiebe"]
[Result "1-0"]
[WhiteElo "2428"]
[BlackElo "2223"]
[TimeControl "180+1"]
[EndTime "10:38:17 PDT"]
[Termination "Forantes won by resignation"]

1. Nf3 Nf6 2. g3 g6 3. Bg2 Bg7 4. O-O O-O 5. d4 d5 6. c4 c6 7. Qb3 dxc4 8. Qxc4 Be6 9. Qa4 Nbd7 10. Nc3 Nb6 11. Qc2 Qc8 12. Rd1 Bh3 13. Bh1 Rd8 14.
e4 Bg4 15. Be3 Nc4 16. Qe2 Nxe3 17. Qxe3 Nd7 18. Rd3 c5 19. dxc5 Qxc5 20. Rxd7 Qxe3 21. Rxd8+ Rxd8 22. fxe3 Bxc3 23. bxc3 Bxf3 24. Bxf3 Rd2 25.
Rd1 Rxa2 26. Rd7 Rb2 27. Rxe7 a5 28. e5 a4 29. Rxb7 Rc2 30. Ra7 Rxc3 31. Rxa4 Rxe3 32. Be4 h5 33. Kf2 Rb3 34. Ra7 Rb2+ 35. Kf3 Rb5 36. Kf4 Kf8 37. h4 Rc5 38. Rb7 Ra5 39. Rd7 Rc5 40.
Rd5 Rc1 41. Rb5 Rf1+ 42. Bf3 Kg7 43. Rb7 Re1 44. Bd5 Rf1+ 45. Ke4 Kf8 46. Rxf7+ Rxf7 47. Bxf7 Kxf7 48. Kf4 Ke6 49. Kg5 Kxe5 50. Kxg6 Ke4 51. Kxh5 Kf3 52. Kg6 Kxg3 53. h5 1-0

[Event "*** SCC Grand Prix: Titled Tuesday Blitz"]
[Site "Chess.com"]
[Date "2020.10.06"]
[Round "4"]
[White "gui_borba"]
[Black "mitrabhaa"]
[Result "1-0"]
[WhiteElo "2500"]
[BlackElo "2671"]
[TimeControl "180+1"]
[EndTime "10:38:18 PDT"]
[Termination "gui_borba won on time"]

1. d4 Nf6 2. Bf4 c5 3. e3 d5 4. c3 Nc6 5. Nd2 e6 6. Bd3 Bd6 7. Bg3 e5 8. dxe5 Nxe5 9. Bb5+ Bd7 10. Bxd7+ Qxd7 11. Ngf3 Nd3+ 12. Ke2 Nxb2 13. Qb3 Bxg3 14. hxg3 Na4 15. Ne5 Nxc3+ 16. Qxc3 Qb5+ 17. Nd3 Ne4 18. Nxe4 dxe4 19. Qe5+ Kf8 20. Qxe4 Re8 21. Qd5 b6 22. Rhd1 g6 23. Kf1 Kg7 24. Kg1 Re7 25. Nf4 Rhe8 26. a4 Qb4 27. a5 Re5 28. Qd2 Qc4 29. axb6 axb6 30. Ra7 b5 31. Qb2 Kg8 32. Rc1 1-0

[Event "*** SCC Grand Prix: Titled Tuesday Blitz"]
[Site "Chess.com"]
[Date "2020.10.06"]
[Round "4"]
[White "aa175"]
[Black "Savagelittlemole"]
[Result "0-1"]
[WhiteElo "2297"]
[BlackElo "2588"]
[TimeControl "180+1"]
[EndTime "10:38:18 PDT"]
[Termination "Savagelittlemole won by resignation"]

1. d4 g6 2. Bf4 Bg7 3. e3 d6 4. Nf3 Nd7 5. Bc4 c6 6. a4 d5 7. Bd3 Ngf6 8. a5 O-O 9. Nbd2 Re8 10. h4 Nf8 11. Ne5 Nh5 12. Qf3 Nxf4 13. exf4 Ne6 14. c3 f6 15. h5 fxe5 16. dxe5 Nc5 17. Bc2 Bf5 18. Bxf5 gxf5 19. h6 Bh8 20. Rh5 e6 21. Rg5+ Kf7 22. O-O-O Rg8 23. Nc4 Rxg5 24. Nd6+ Kg8 25. fxg5 Qxg5+ 26. Kc2 Bxe5 27. b4 Ne4 28. Nxb7 Rf8 29. c4 Rf6 30. Nd8 Rxh6 31. Nxc6 Bg7 32.
cxd5 exd5 33. Rxd5 Rxc6+ 34. Kb3 Qc1 35. Rc5 Nxc5+ 36.
bxc5 Qxc5 37. a6 Rb6+ 0-1

[Event "*** SCC Grand Prix: Titled Tuesday Blitz"]
[Site "Chess.com"]
[Date "2020.10.06"]
[Round "4"]
[White "CrazyMartian"]
[Black "Omk124"]
[Result "0-1"]
[WhiteElo "2279"]
[BlackElo "2463"]
[TimeControl "180+1"]
[EndTime "10:38:19 PDT"]
[Termination "Omk124 won by resignation"]

1. d4 Nf6 2. Bf4 g6 3. Nc3 d5 4. e3 Bg7 5. h4 O-O 6. Nf3 c5 7. Ne5 Nc6 8. h5 cxd4 9. exd4 Nxh5 10. Rxh5 gxh5 11. Nxc6 bxc6 12. Qxh5 Be6 13. Bd3 f5 14. Ne2 Qd7 15. O-O-O Bf7 16. Qh3 e6 17. Rh1 Bg6 18.
Bh6 Rae8 19. Nf4 Qc7 20. g3 Bxh6 21. Qxh6 Qg7 22. Qg5 Rf7 23. Rh6 Qf6 24. Nh3 Kg7 25.
Qf4 e5 26. dxe5 Qxe5 27. Qxe5+ Rxe5 28. Rh4 Re1+ 29. Kd2 Rh1 30. Be2 f4 31. Bf3 Rh2 32. g4 Be4 33. Ke2 Re7 34. c3 h6 35. a4 Bc2+ 36. Kd2 Bxa4 37. Be2 Bb5 38. Bxb5 cxb5 39. Rh5 f3 40. Kd3 Re2 0-1

[Event "*** SCC Grand Prix: Titled Tuesday Blitz"]
[Site "Chess.com"]
[Date "2020.10.06"]
[Round "4"]
[White "PSvidler"]
[Black "Abdimalik_Abdisalimov"]
[Result "1-0"]
[WhiteElo "2909"]
[BlackElo "2750"]
[TimeControl "180+1"]
[EndTime "10:38:20 PDT"]
[Termination "PSvidler won by resignation"]

1. e4 c5 2. Nf3 d6 3. d4 cxd4 4. Nxd4 Nf6 5. Nc3 a6 6. Be3 e5 7. Nb3 Be6 8. f3 h5 9. Qd2 Nbd7 10. O-O-O Rc8 11. Kb1 Be7 12. h3 b5 13. Bd3 h4 14. f4 Nb6 15. Qf2 Nfd7 16. f5 Bc4 17. Bxc4 Rxc4 18. Rd3 b4 19. Nd5 Nxd5 20. exd5 Nf6 21.
Nd2 Rc8 22. Bg5 Nd7 23. Bxe7 Qxe7 24. g4 hxg3 25. Rxg3 Rh7 26. a4 Nf6 27. Qg2 Qd7 28.
Ne4 Ke7 29. b3 Qxf5 30. Ng5 Rh5 31. Rf1 Qd7 32. Nxf7 Rf8 33. Ng5 Ne8 34. Rxf8 Kxf8 35. Qf3+ Nf6 36. Ne6+ Kg8 37. Qxf6 1-0

[Event "*** SCC Grand Prix: Titled Tuesday Blitz"]
[Site "Chess.com"]
[Date "2020.10.06"]
[Round "4"]
[White "vaishali2001"]
[Black "K_A_S_T_O_R"]
[Result "0-1"]
[WhiteElo "2523"]
[BlackElo "2737"]
[TimeControl "180+1"]
[EndTime "10:38:20 PDT"]
[Termination "K_A_S_T_O_R won by resignation"]

1. e4 c5 2. Nf3 d6 3. d4 cxd4 4. Nxd4 Nf6 5. Nc3 a6 6. a3 e6 7. g4 h6 8. Be2 g5 9. Be3 Nbd7 10.
Qd2 Ne5 11. f3 Nfd7 12. O-O-O Be7 13. Kb1 Ng6 14. Bc4 Nde5 15. Bb3 Bd7 16. Qf2 b5 17. Nde2 Qc7 18. Rhg1 a5 19. f4 gxf4 20. Nxf4 b4 21.
axb4 axb4 22. Nce2 Qa5 23. Kc1 Nxf4 24. Nxf4 Ba4 25.
Bd4 Rg8 26. h4 Nxg4 27. Qe2 Bxb3 28. cxb3 h5 29. Nxh5 Qxh5 30. e5 Qf5 31. Qb5+ Kf8 32. Qb7 Ra1+ 33. Kd2 Qf4+ 34. Kd3 Rxd1+ 35. Rxd1 dxe5 36.
Bxe5 0-1

[Event "*** SCC Grand Prix: Titled Tuesday Blitz"]
[Site "Chess.com"]
[Date "2020.10.06"]
[Round "4"]
[White "MVM2008"]
[Black "Mikhail_Golubev"]
[Result "0-1"]
[WhiteElo "2217"]
[BlackElo "2517"]
[TimeControl "180+1"]
[EndTime "10:38:22 PDT"]
[Termination "Mikhail_Golubev won by resignation"]

1. e4 c5 2. Nf3 d6 3. d4 Nf6 4. Nc3 cxd4 5. Nxd4 g6 6. f3 Bg7 7. Be3 a6 8. Qd2 h5 9. a4 Nc6 10. Be2 Bd7 11. O-O Rc8 12. h3 Ne5 13. f4 Nc6 14.
Bd3 h4 15. Nxc6 Bxc6 16. e5 dxe5 17. fxe5 Nd5 18. Qf2 O-O 19. Bd4 Nb4 20. Rad1 Qc7 21. e6 fxe6 22. Qxh4 Nxd3 23. Rxd3 Rxf1+ 24. Kxf1 Rf8+ 25. Kg1 Rf4 26. Qg3 Bxd4+ 27. Rxd4 Rf1+ 28. Kh2 Rh1+ 29. Kxh1 Qxg3 30. Rg4 Qxh3+ 0-1

[Event "*** SCC Grand Prix: Titled Tuesday Blitz"]
[Site "Chess.com"]
[Date "2020.10.06"]
[Round "4"]
[White "glebus008"]
[Black "teacher4chess"]
[Result "1/2-1/2"]
[WhiteElo "2231"]
[BlackElo "2002"]
[TimeControl "180+1"]
[EndTime "10:38:23 PDT"]
[Termination "Game drawn by repetition"]

1. e4 d5 2. exd5 Qxd5 3. Nc3 Qd8 4. g3 Nc6 5. Bg2 e5 6. d3 Nf6 7.
Nge2 Bg4 8. h3 Bh5 9. O-O Bc5 10. Kh2 O-O 11. f4 exf4 12. Bxf4 Qd7 13. Qd2 Bb4 14. a3 Bxc3 15. bxc3 Nd5 16. Rae1 Bxe2 17. Rxe2 Nxf4 18. Qxf4 Rae8 19. Be4 g6 20. Qh6 f5 21. Ref2 Qg7 22.
Qxg7+ Kxg7 23. Bxc6 bxc6 24. Rb1 Rb8 25. Rb3 Rfd8 26. Rb4 c5 27. Rc4 Rb5 28. Re2 Kf6 29.
g4 fxg4 30. hxg4 Rd5 31. Kg3 Rb1 32. Rf4+ Kg5 33. Rf7 Rg1+ 34. Rg2 Rxg2+ 35. Kxg2 Kxg4 36. Rxh7 Re5 37. Kf2 Rf5+ 38. Kg2 Re5 39. Kf2 Rf5+ 40. Kg2 Re5 1/2-1/2

[Event "*** SCC Grand Prix: Titled Tuesday Blitz"]
[Site "Chess.com"]
[Date "2020.10.06"]
[Round "4"]
[White "slavenok"]
[Black "sergeikim"]
[Result "1/2-1/2"]
[WhiteElo "2726"]
[BlackElo "2529"]
[TimeControl "180+1"]
[EndTime "10:38:25 PDT"]
[Termination "Game drawn by repetition"]

1. e4 e5 2. d4 exd4 3. Nf3 Nc6 4. Bc4 Nf6 5. Qe2 d6 6. h3 Be7 7. O-O O-O 8. Rd1 Ne5 9. Rxd4 Nxc4 10. Rxc4 d5 11.
exd5 Nxd5 12. Re4 Bf6 13. Qd1 Bf5 14. Re1 c6 15. c3 Re8 16. Nd4 Rxe1+ 17. Qxe1 Bxd4 18. cxd4 Qd7 19. Nc3 Re8 20. Be3 Nb4 21. Qd2 Nd5 22. Re1 Re6 23. Nxd5 Qxd5 24. a3 h6 25. f3 Rg6 26. Kh1 Bxh3 27. Re2 Be6 28.
Bf4 Qh5+ 29. Bh2 Qf5 30. Re5 Qb1+ 31. Re1 Qf5 32. Qe3 Bd5 33. Qf2 Re6 34. Be5 f6 35.
Bb8 a6 36. Re3 Rxe3 37. Qxe3 Qb1+ 38. Kh2 Qxb2 39. Bd6 Qc2 40. Qf4 Qg6 41. Bc5 Kh7 42. a4 b5 43. a5 Qg5 44. Qb8 Qh4+ 45. Kg1 Qe1+ 46. Kh2 Qxa5 47. Qc8 Qd2 48. Qf5+ Kh8 49. Qc8+ Kh7 50. Qf5+ Kh8 51. Qc8+ Kh7 1/2-1/2

[Event "*** SCC Grand Prix: Titled Tuesday Blitz"]
[Site "Chess.com"]
[Date "2020.10.06"]
[Round "4"]
[White "PattyCastillo"]
[Black "ClydeHillKid"]
[Result "0-1"]
[WhiteElo "2009"]
[BlackElo "2335"]
[TimeControl "180+1"]
[EndTime "10:38:28 PDT"]
[Termination "ClydeHillKid won by resignation"]

1. d4 d5 2. Nf3 Nf6 3. e3 Bg4 4. c4 e6 5. Qb3 b6 6. Ne5 Bf5 7. Nc3 Nbd7 8. f4 Nxe5 9. fxe5 Ne4 10.
Nxe4 Bxe4 11. cxd5 Bxd5 12. Qa4+ Qd7 13. Qxd7+ Kxd7 14. Kf2 Bb4 15. Bd3 f5 16. exf6 gxf6 17. e4 Bc6 18. a3 Bd6 19. Be3 Rhg8 20. g3 h5 21.
Rhg1 Raf8 22. Raf1 Bb7 23. Bf4 e5 24. dxe5 fxe5 25.
Bc4 exf4 26. Bxg8 fxg3+ 27. Ke2 Ba6+ 28. Ke3 Bc5+ 29. Kd2 Bxf1 30. Rxg3 Bd6 31. Rg7+ Kd8 32. Bd5 Be5 33. Rh7 Bxb2 34. a4 Bd4 35. Bc6 Bh3 36. Rxh5 Bd7 37. Bxd7 Kxd7 38. Rd5+ Ke6 39. Rxd4 Rf2+ 40. Ke3 Rxh2 41. Rc4 c5 42. a5 Ke5 43.
axb6 axb6 44. Kf3 Rh3+ 45. Kg4 Re3 0-1

[Event "*** SCC Grand Prix: Titled Tuesday Blitz"]
[Site "Chess.com"]
[Date "2020.10.06"]
[Round "4"]
[White "HanSchut"]
[Black "pfalcon1949"]
[Result "0-1"]
[WhiteElo "2231"]
[BlackElo "2026"]
[TimeControl "180+1"]
[EndTime "10:38:28 PDT"]
[Termination "pfalcon1949 won by checkmate"]

1. e4 c6 2. d4 d5 3. e5 Bf5 4.
Nf3 e6 5. Be2 c5 6. Be3 Qb6 7.
Nc3 Nc6 8. O-O cxd4 9. Nxd4 Nxd4 10. Bxd4 Qa5 11. Bb5+ Kd8 12. a3 Ne7 13. b4 Qc7 14.
Be2 Nc6 15. Nb5 Qd7 16. f4 h5 17.
Kh1 h4 18. h3 Be7 19. Qd2 Ke8 20. Rfd1 Kf8 21. Bf2 Kg8 22. Nd4 Nxd4 23. Bxd4 g6 24. c4 Kg7 25. cxd5 Qxd5 26. Bf3 Qd7 27. Qf2 Qb5 28. Bxa7 Rhc8 29. Be3 Rc2 30. Rd2 Rac8 31. Rad1 Rxd2 32. Rxd2 Rc1+ 33. Kh2 Rc3 34. Ra2 Qd3 35.
Bc5 Bxc5 36. bxc5 Rc1 37. Qe2 Qb1 38. g4 hxg3+ 39. Kxg3 Rg1+ 40. Bg2 Be4 41. Qc4 Qe1+ 42. Kh2 Bxg2 43. Rxg2 Rh1# 0-1